 Dungeon Crawl Stone Soup version 0.30.0-10-gfe55d96785 (webtiles) character file.

Game seed: 15206608945202719500

50 MacCMillion the Digger (level 3, -1/19 HPs)
             Began as a Gargoyle Earth Elementalist on May 16, 2023.
             Slain by a gnoll
             ... wielding a +0 whip
              (4 damage)
             ... on level 2 of the Dungeon.
             The game lasted 00:02:02 (1519 turns).

MacCMillion the Digger (GrEE)                       Turns: 1519, Time: 00:02:03

Health: -1/19      AC:  6    Str: 11    XL:     3   Next: 79%
Magic:  0/6        EV: 11    Int: 17    God:
Gold:   29         SH:  0    Dex: 10    Spells: 5/6 levels left

rFire   . . .        n - +1 dagger (freeze)
rCold   . . .        (no shield)
rNeg    + . .        m - +0 leather armour
rPois   ∞            (no helmet)
rElec   +            (no cloak)
rCorr   .            (no gloves)
SInv    .            (no boots)
Will    .....        (no amulet)
Stlth   ++           (no ring)
HPRegen 0.23/turn    (no ring)
MPRegen 0.10/turn

%: no passive effects
@: no status effects
A: sickness immunity, AC +3, negative energy resistance 1, electricity
resistance, torment resistance 1, petrification resistance
a: no special abilities


You were on level 2 of the Dungeon.
You visited 1 branch of the dungeon, and saw 2 of its levels.

You collected 29 gold pieces.

Inventory:

Hand Weapons
 e - a +0 flail
 n - a +1 dagger of freezing (weapon)
Armour
 a - a +0 robe
 m - a +0 leather armour (worn)
Jewellery
 i - an amulet of the acrobat
 j - a ring of fire
Scrolls
 d - 2 scrolls of fog {unknown}
 f - a scroll of silence {unknown}
 k - 2 scrolls of teleportation {unknown}
 l - a scroll of enchant weapon {unknown}
 o - a scroll of magic mapping {unknown}
Potions
 b - a potion of magic
 c - a potion of mutation {unknown}
 g - a potion of haste {unknown}
 h - a potion of heal wounds {unknown}


   Skills:
 - Level 1.5 Dodging
 - Level 2.1 Stealth
 - Level 2.0 Spellcasting
 - Level 0.7 Transmutations
 + Level 5.6 Earth Magic


You had 5 spell levels left.
You knew the following spells:

 Your Spells              Type           Power      Damage    Failure   Level
a - Sandblast             Erth           40%        2d10      2%          1

Your spell library contained the following spells:

 Spells                   Type           Power      Damage    Failure   Level
 Passwall                 Tmut/Erth      10%        N/A       11%         2
 Stone Arrow              Conj/Erth      22%        3d8       24%         3
 Petrify                  Tmut/Erth      12%        N/A       56%         4


Dungeon Overview and Level Annotations

Branches:
Dungeon (2/15)

Altars:


Innate Abilities, Weirdness & Mutations

You are immune to sickness and miasma.
Your stone body is resilient. (AC +3)
You are immune to poison.
You resist negative energy. (rN+)
You are resistant to electric shocks. (rElec)
You are resistant to unholy torment.
You are immune to petrification.


Message History

The blast of sand hits the gnoll but does no damage.
The blast of sand hits the gnoll but does no damage.
The gnoll hits you but does no damage.
The blast of sand hits the gnoll.
The gnoll is lightly wounded.
The gnoll hits you with a +0 whip. x2
The blast of sand misses the gnoll.
The gnoll hits you with a +0 whip.
You closely miss the gnoll.
The gnoll is lightly wounded.
The gnoll closely misses you.
You hit the gnoll but do no damage.
The gnoll is lightly wounded.
The gnoll hits you with a +0 whip.
You hit the gnoll but do no damage.
The gnoll is lightly wounded.
The gnoll hits you with a +0 whip.
You barely miss the gnoll.
The gnoll is lightly wounded.
The gnoll hits you but does no damage.
You hit the gnoll but do no damage.
The gnoll is lightly wounded.
The gnoll closely misses you. The gnoll attacks as you move away!
The gnoll hits you but does no damage.
Aiming: Sandblast (safe; 2% risk of failure)
Press: ? - help, Q - select action Shift-Dir - straight line, f/p - gnoll
Aim: a gnoll, wielding a +0 whip and wearing a +0 ring mail (lightly wounded, 87% to hit)
The blast of sand hits the gnoll!
The gnoll is severely wounded.
The gnoll hits you with a +0 whip. The gnoll barely misses you.
You barely miss the gnoll.
The gnoll is severely wounded.
The gnoll hits you but does no damage.
You closely miss the gnoll.
The gnoll is severely wounded.
The gnoll hits you with a +0 whip.
* * * LOW HITPOINT WARNING * * *
You barely miss the gnoll.
The gnoll is severely wounded.
The gnoll hits you with a +0 whip.
You die...

#...# ##.#####
###......#
########........#
................#
############..##.....#
#........###.#########
...>.....#...#
#.....)@g.<###
#........###
..(......# .........#
.#.####### .. .


You could see a gnoll.

Vanquished Creatures
  2 gnolls
  2 dart slugs (D:1)
  A ball python (D:1)
  2 endoplasms (D:1)
  5 giant cockroaches
  5 hobgoblins
  A quokka (D:1)
  2 bats
  2 goblins
  3 rats (D:1)
25 creatures vanquished.

Notes
Turn   | Place    | Note
-------+----------+-------------------------------------------
     0 | D:1      | MacCMillion the Gargoyle Earth Elementalist began the quest
                  | for the Orb.
     0 | D:1      | Reached XP level 1. HP: 10/10 MP: 3/3
   134 | D:1      | Reached skill level 4 in Earth Magic
   196 | D:1      | Reached XP level 2. HP: 10/15 MP: 0/5
   603 | D:1      | Reached XP level 3. HP: 19/19 MP: 4/6
   631 | D:1      | Reached skill level 5 in Earth Magic
  1519 | D:2      | Slain by a gnoll

Illustrated notes

Levels and vault maps discovered:
D:1:      psy_arrival_radial01, layout_basic, nicolae_grassy_gnolls
D:2:      layout_rooms, basic_altar, serial_park_tiny_1,
          kennysheep_generic_room_5, uniq_terence

Skill      XL: |  1  2  3 |
---------------+----------+-----
Earth Magic    | 4 5 |  5.6
Dodging        | |  1.5
Stealth        | |  2.1
Spellcasting   | |  2.0
Transmutations | |  0.7

Action                     || total
---------------------------++-------
  Melee: Unarmed           ||     1
         Dagger            ||     8
   Cast: Sandblast         ||    44
 Armour: Robe              ||     2
         Leather armour    ||     5
  Dodge: Dodged            ||     7
